 Dungeon Crawl Stone Soup version 0.29.0-15-g675c0067aa (webtiles) character file.

Game seed: 5184976036072549935

4 bchevrier the Prestidigitator (level 1, 0/17 HPs)
             Began as a Gnoll Wanderer on Sept 11, 2022.
             Slain by a kobold
             ... wielding a +0 short sword
              (3 damage)
             ... on level 1 of the Dungeon.
             The game lasted 00:00:47 (124 turns).

bchevrier the Prestidigitator (Gnoll Wanderer)       Turns: 124, Time: 00:00:48

Health: 0/17       AC:  2    Str: 10    XL:     1   Next: 70%
Magic:  8/8        EV: 11    Int: 12    God:
Gold:   43         SH:  0    Dex: 11    Spells: 13/14 levels left

rFire   . . .      SeeInvis .   a - +0 dagger
rCold   . . .      Faith    .   (no shield)
rNeg    . . .      Spirit   .   d - +0 robe
rPois   .          Reflect  .   (no helmet)
rElec   .          Harm     .   (no cloak)
rCorr   .          Rampage  .   (no gloves)
Will    .....                   (no boots)
Stlth   ++........              (no amulet)
HPRegen 0.05/turn               (no ring)
MPRegen 0.11/turn               (no ring)

@: no status effects
A: fangs 1, strong nose, distributed training
a: no special abilities


You were on level 1 of the Dungeon.
You visited 1 branch of the dungeon, and saw 1 of its levels.

You collected 43 gold pieces.

Inventory:

Hand Weapons
 a - a +0 dagger (weapon)
Armour
 d - a +0 robe (worn)
Potions
 b - a potion of lignification
 c - a potion of berserk rage
Miscellaneous
 e - a phantom mirror


   Skills:
 + Level 2.4 Fighting
 + Level 0.1 Short Blades
 + Level 0.1 Long Blades
 + Level 0.1 Axes
 + Level 0.1 Maces & Flails
 + Level 0.1 Polearms
 + Level 0.1 Staves
 + Level 0.1 Ranged Weapons
 + Level 0.1 Throwing
 + Level 0.1 Armour
 + Level 0.1 Dodging
 + Level 4.0 Stealth
 + Level 0.1 Shields
 + Level 0.1 Unarmed Combat
 + Level 7.0 Spellcasting
 + Level 0.1 Conjurations
 + Level 0.1 Hexes
 + Level 0.1 Summonings
 + Level 0.1 Necromancy
 + Level 0.1 Translocations
 + Level 0.1 Transmutations
 + Level 0.1 Fire Magic
 + Level 0.1 Ice Magic
 + Level 0.1 Air Magic
 + Level 0.1 Earth Magic
 + Level 0.1 Poison Magic
 + Level 0.2 Invocations
 + Level 8.4 Evocations


You had 13 spell levels left.
You knew the following spells:

 Your Spells              Type           Power      Damage    Failure   Level
a - Slow                  Hex            16%        N/A       16%         1

Your spell library contained the following spells:

 Spells                   Type           Power      Damage    Failure   Level
 Tukima's Dance           Hex            4%         N/A       43%         3


Dungeon Overview and Level Annotations

Branches:
Dungeon (1/15)

Altars:


Innate Abilities, Weirdness & Mutations

You have very sharp teeth.
Your uncanny sense of smell can sniff out nearby items.
Your experience applies equally to all skills.


Message History

You hit the frilled lizard.
You kill the frilled lizard!
No target in view!
No target in view!
A goblin, a bat and a kobold come into view.
There are monsters nearby!
The bat barely misses you.
You barely miss the bat. Your bite misses the bat.
The goblin shouts!
The bat misses you.
You closely miss the goblin. The bat hits you but does no damage.
The goblin hits you but does no damage.
You closely miss the goblin. You hit the bat but do no damage.
The bat closely misses you. The goblin hits you with a +0 dagger.
The kobold barely misses you.
You hit the bat.
The bat is moderately wounded.
The bat hits you. The goblin hits you with a +0 dagger.
A rat comes into view.
The kobold hits you with a +0 short sword.
You hit the bat.
You kill the bat!
The goblin hits you with a +0 dagger. The kobold barely misses you.
You hit the goblin but do no damage. The goblin barely misses you.
The kobold misses you.
You barely miss the goblin. The goblin closely misses you.
The kobold misses you.
You barely miss the goblin. The goblin hits you with a +0 dagger.
The kobold hits you with a +0 short sword.
* * * LOW HITPOINT WARNING * * *
You are too injured to fight recklessly!
You are too injured to fight recklessly!
You are too injured to fight recklessly!
You are too injured to fight recklessly!
You are too injured to fight recklessly!
You are too injured to fight recklessly!
The kobold attacks as you move away! The kobold closely misses you.
The kobold attacks as you move away!
The kobold hits you with a +0 short sword.
You die...

#. ...∆ #.
#.#####..#...#.. .. ...
##.........#.. .. . ..#
............#.. . .
..#.
#.......#...#.#.#.#.#..
#........##..#.#.#.#..
#....†.....##.#...#.##.
#....$gKr....#.....#...
#.....@######...<...###
#####........#.....#...
#......##.#...#.##.
#....##..#.#.#.#..#
##...#...#.#.#.#.#..
........#..#.#.#..#.
.##....†#..#..#..#..# #
##...#...#[.#..#...
##.....#...#...#..


You could see a goblin, a kobold and a rat.

Vanquished Creatures
  A dart slug (D:1)
  A ball python (D:1)
  A bat (D:1)
  A frilled lizard (D:1)
4 creatures vanquished.

Notes
Turn   | Place    | Note
-------+----------+-------------------------------------------
     0 | D:1      | bchevrier the Gnoll Wanderer began the quest for the Orb.
     0 | D:1      | bchevrier set off with the following items: a +0 dagger, a
                  | potion of lignification, a potion of berserk rage, a +0
                  | robe, a phantom mirror; and the following spell memorised:
                  | Slow; and the following spells available to memorise:
                  | Tukima's Dance.
     0 | D:1      | Reached XP level 1. HP: 17/17 MP: 8/8
   124 | D:1      | Slain by a kobold

Illustrated notes

Levels and vault maps discovered:
D:1:      minmay_arrival_radiant_lines, layout_loops_cross, serial_glass,
          glass_columns_c, glass_columns_c

Action                   || total
-------------------------++-------
Melee: Dagger            ||    18
       Bite              ||     2
Armor: Robe              ||     2
Dodge: Dodged            ||    14
